AoeStats
← schmeno

QS Arena

503727443Analyzed
3v3 RM · 1mo ago on Sep 2, 2026· 47m 17s· 6 players
Game mode
Random Map
Map size
Normal (6 player)
Population
200
Speed
Normal
Resources
Standard
Victory
Conquest
Starting age
Dark Age
Ending age
Imperial Age
RankedLock teamsTeams togetherTeam positionsShared explorationLock speedFull tech treeHidden civsTurbo modeCheats
Victory
Defeat
🇻🇳 Persians · Vietnam
1206
+15
🇹🇷 Khmer · Türkiye
1174
+17
🇨🇳 Byzantines · China
1109
+19
🇺🇸 Franks · United States
1212
-18
🇺🇸 Dravidians · United States
1206
-18
🇺🇸 Spanish · United States
1141
-15
Tired Cock
8:41 Feudal Age
9:44 Loom
15:00 Castle Age
13:25 Double-Bit Axe
13:28 Horse Collar
13:47 Double-Bit Axe
17:06 Fletching
19:29 Bow Saw
23:51 Murder Holes
28:40 Thumb Ring
31:26 Wheelbarrow
30:41 Town Watch
31:23 Ballistics
31:13 Medical Corps
38:49 Imperial Age
37:20 Hand Cart
38:52 Elite Elephant Archer
42:25 Conscription
42:25 Pikeman
43:06 Squires
42:52 Arson
43:13 Man-at-Arms
43:39 Gambesons
44:31 Wootz Steel
43:49 Long Swordsman
44:23 Two-Handed Swordsman
45:00 Two-Handed Swordsman
46:51 Scale Mail Armor
47:02 Forging
Simon Nelson Cook
8:45 Feudal Age
15:20 Castle Age
13:23 Horse Collar
13:59 Double-Bit Axe
14:04 Loom
16:49 Gold Mining
16:52 Fletching
25:36 Imperial Age
27:34 Chemistry
27:08 Bow Saw
28:25 Pikeman
31:17 Scale Mail Armor
31:28 Forging
32:40 Halberdier
35:38 Inquisition
40:25 Chain Mail Armor
40:46 Iron Casting
schmeno
8:09 Feudal Age
11:52 Castle Age
11:57 Double-Bit Axe
13:09 Bow Saw
14:23 Loom
18:23 Wheelbarrow
17:47 Gold Mining
18:48 Stone Mining
21:16 Town Watch
24:31 Husbandry
26:17 Gold Shaft Mining
26:04 Hand Cart
29:50 Imperial Age
28:52 Scale Barding Armor
28:57 Forging
30:07 Ballistics
30:09 Chain Barding Armor
29:51 Cavalier
31:56 Chemistry
31:46 Iron Casting
31:57 Block Printing
32:28 Paladin
33:25 Siege Engineers
33:24 Fletching
34:10 Plate Barding Armor
35:05 Blast Furnace
38:41 Herbal Medicine
39:20 Bodkin Arrow
ConcernedApe
2:46 Loom
7:13 Feudal Age
14:21 Castle Age
15:11 Double-Bit Axe
16:36 Bow Saw
16:39 Horse Collar
21:45 Bloodlines
22:21 Husbandry
23:09 Wheelbarrow
23:42 Town Watch
24:09 Scale Barding Armor
26:11 Hand Cart
26:39 Gold Mining
27:33 Heavy Plow
28:13 Chain Barding Armor
28:04 Forging
30:26 Iron Casting
30:23 Tusk Swords
31:15 Gold Shaft Mining
31:18 Town Patrol
36:10 Imperial Age
36:17 Elite Battle Elephant
37:34 Plate Barding Armor
37:59 Blast Furnace
37:25 Conscription
37:15 Fletching
39:04 Crop Rotation
42:18 Bodkin Arrow
45:44 Caravan
330609350
2:39 Loom
8:23 Feudal Age
14:49 Castle Age
13:19 Double-Bit Axe
13:51 Horse Collar
16:02 Arson
18:47 Wheelbarrow
21:16 Fletching
27:22 Hand Cart
27:27 Gold Mining
27:47 Bow Saw
31:30 Imperial Age
29:07 Squires
29:11 Scale Mail Armor
30:17 Gold Shaft Mining
29:48 Heavy Plow
29:49 Pikeman
30:31 Squires
32:01 Halberdier
34:24 Conscription
35:12 Chain Mail Armor
35:07 Forging
35:08 Bodkin Arrow
34:38 Elite Skirmisher
36:51 Crop Rotation
37:21 Two-Man Saw
36:56 Plate Mail Armor
38:15 Iron Casting
37:21 Capped Ram
38:20 Padded Archer Armor
39:24 Conscription
40:21 Siege Ram
44:42 Iron Casting
44:07 Bracer
46:59 Chemistry
46:11 Fortified Wall
45:59 Murder Holes
45:45 Treadmill Crane
47:10 Padded Archer Armor
nguyenkhang90
7:54 Feudal Age
13:22 Castle Age
11:51 Double-Bit Axe
15:27 Horse Collar
22:43 Bow Saw
25:09 Wheelbarrow
29:40 Imperial Age
27:54 Husbandry
28:05 Bloodlines
28:01 Scale Barding Armor
28:06 Forging
28:27 Heavy Plow
29:29 Loom
29:59 Hand Cart
31:21 Iron Casting
31:06 Chain Barding Armor
30:38 Cavalier
32:08 Town Watch
32:26 Heavy Camel Rider
34:07 Conscription
36:25 Light Cavalry
38:02 Gold Mining
38:02 Stone Mining
39:04 Savar
41:50 Town Patrol
42:22 Scale Mail Armor
43:12 Chain Barding Armor
43:53 Blast Furnace
43:18 Chain Barding Armor
46:01 Hussar
47:33 Plate Barding Armor
Connection lost

Rejoining the realm…

Still unreachable

The connection could not be restored.

Session expired

The server has moved on; the page needs a fresh start.